 Dungeon Crawl Stone Soup version 0.22.1-5-g62c59d919a (webtiles) character file.

440 Melbolja the Magician (level 6, -1/29 HPs)
             Began as a Spriggan Conjurer on Jan 13, 2019.
             Was an Initiate of Sif Muna.
             Slain by a water moccasin (9 damage)
             ... on level 5 of the Dungeon.
             The game lasted 00:37:25 (5987 turns).

Melbolja the Magician (Spriggan Conjurer)           Turns: 5987, Time: 00:37:26

Health: -1/29      AC:  4    Str:  4    XL:     6   Next: 70%
Magic:  7/15       EV: 20    Int: 20    God:    Sif Muna [......]
Gold:   205        SH:  0    Dex: 18    Spells: 15/16 levels left

rFire    . . .     SeeInvis +   b - +5 flail (holy)
rCold    . . .     Gourm    .   (shield restricted)
rNeg     . . .     Faith    .   a - +2 robe
rPois    .         Spirit   .   (helmet restricted)
rElec    .         Reflect  .   (no cloak)
rCorr    .         Harm     .   (gloves unavailable)
MR       +....                  (boots unavailable)
Stlth    +++.......             (no amulet)
HPRegen  0.09/turn              g - +3 ring of intelligence
MPRegen  0.14/turn              (no ring)

@: very quick
A: very small, unfitting armour, see invisible, herbivore, speed 3, slow
metabolism 2
a: Renounce Religion


You were on level 5 of the Dungeon.
You worshipped Sif Muna.
Sif Muna was noncommittal.
You were hungry.

You visited 1 branch of the dungeon, and saw 5 of its levels.

You collected 205 gold pieces.

Inventory:

Hand Weapons
 b - a +5 flail of holy wrath (weapon)
 e - a +0 dagger
 k - a +0 hunting sling
Armour
 a - a +2 robe (worn)
Magical Staves
 p - an uncursed staff of poison
Jewellery
 g - a +3 ring of intelligence (left hand)
Scrolls
 d - a scroll of enchant armour
 h - a scroll of immolation
 i - 2 scrolls of amnesia
 j - a scroll of fog
 m - 2 scrolls of fear
Potions
 f - a potion of haste
 l - a potion of curing
 o - 3 potions of heal wounds
Comestibles
 c - 6 rations


   Skills:
 + Level 0.4 Fighting
 + Level 0.7 Short Blades
 + Level 4.2 Dodging
 + Level 3.9 Stealth
 + Level 1.0 Unarmed Combat
 + Level 5.8 Spellcasting
 + Level 4.4 Conjurations


You had 15 spell levels left.
You knew the following spells:

 Your Spells              Type           Power        Failure   Level  Hunger
a - Magic Dart            Conj           ###.         1%          1    None

Your spell library contained the following spells:

 Spells                   Type           Power        Failure   Level  Hunger
 Searing Ray              Conj           ###...       2%          2    None
 Dazzling Spray           Conj/Hex       ##....       13%         3    ##.....
 Iskenderun's Mystic Bla  Conj           ###.....     17%         4    ####...
 Force Lance              Conj/Tloc      ##......     41%         4    ####...
 Fulminant Prism          Conj/Hex       ##........   41%         4    ####...


Dungeon Overview and Level Annotations

Branches:
Dungeon (5/15)
 Temple: D:4-7

Altars:
Ashenzari
Qazlal
Sif Muna
Yredelemnul


Innate Abilities, Weirdness & Mutations

You are very small and have problems with some larger weapons.
You are too small for most types of armour.
You have supernaturally acute eyesight. (SInv)
You are a herbivore.
You cover ground extremely quickly.
You need to consume almost no food.


Message History

The water moccasin is severely wounded.
The water moccasin misses you. The water moccasin bites you!
* * * LOW HITPOINT WARNING * * *
Casting: Magic Dart (safe; 1% risk of failure)
Confirm with . or Enter, or press ? or * to list all spells.
Aiming: Magic Dart (safe; 1% risk of failure)
Press: ? - help, Shift-Dir - straight line, f/p - water moccasin
Aim: a water moccasin (severely wounded)
The magic dart hits the water moccasin.
The water moccasin is almost dead.
The water moccasin closely misses you.
Casting: Magic Dart (safe; 1% risk of failure)
Confirm with . or Enter, or press ? or * to list all spells.
Aiming: Magic Dart (safe; 1% risk of failure)
Press: ? - help, Shift-Dir - straight line, f/p - water moccasin
Aim: a water moccasin (almost dead)
The magic dart hits the water moccasin.
The water moccasin is almost dead.
The water moccasin bites you!
You die...

.... .... .... .#.....
..... .#. #.# ..... ..
#.# ...... ##.#
#.########
......##..####...<#...##
......S......#...÷.....#
##.@.###............
#.#.# ##...........
#.#.####...........
#.#...###.........#
..###.# #........## >#
#.# #.##.##### .. #.#
#.##.# ## #.# #.#÷.#
#.###.#.##


You could see a water moccasin.

Vanquished Creatures
  Edmund (D:4)
  A bullfrog skeleton (D:4)
  2 iguanas (D:5)
  2 orc wizards (D:4)
  A worker ant (D:5)
  5 adders
  An adder skeleton (D:4)
  4 worms
  4 dart slugs (D:1)
  3 leopard geckos
  7 orcs
  2 ball pythons
  5 bats
  8 giant cockroaches
  5 hobgoblins
  11 jackals
  A quokka (D:3)
  6 frilled lizards
  10 goblins
  6 kobolds
  A leopard gecko skeleton (D:4)
  3 rats (D:1)
89 creatures vanquished.

Notes
Turn   | Place    | Note
-------+----------+-------------------------------------------
     0 | D:1      | Melbolja the Spriggan Conjurer began the quest for the Orb.
     0 | D:1      | Reached XP level 1. HP: 9/9 MP: 5/5
   527 | D:1      | Reached XP level 2. HP: 11/13 MP: 0/6
   745 | D:1      | Reached skill level 3 in Spellcasting
   999 | D:1      | Reached XP level 3. HP: 16/16 MP: 0/8
  1850 | D:2      | Reached skill level 1 in Unarmed Combat
  2574 | D:3      | Reached XP level 4. HP: 21/21 MP: 7/10
  2821 | D:3      | Found a basalt altar of Yredelemnul.
  2883 | D:3      | Found a stormy altar of Qazlal.
  3484 | D:3      | Reached skill level 4 in Spellcasting
  4174 | D:4      | Reached XP level 5. HP: 24/24 MP: 7/12
  4259 | D:4      | Found a shattered altar of Ashenzari.
  4711 | D:4      | Noticed Edmund
  4976 | D:4      | Killed Edmund
  4976 | D:4      | Reached skill level 5 in Spellcasting
  4976 | D:4      | Reached XP level 6. HP: 24/28 MP: 4/14
  5291 | D:4      | Found a deep blue altar of Sif Muna.
  5604 | D:4      | Became a worshipper of Sif Muna the Loreminder
  5635 | D:5      | Entered Level 5 of the Dungeon
  5978 | D:5      | Noticed a water moccasin
  5987 | D:5      | Slain by a water moccasin

Skill      XL: |  1  2  3  4  5 |
---------------+----------------+-----
Conjurations   | 3 4 |  4.4
Spellcasting   | 3 4 5 |  5.8
Unarmed Combat | 1 |  1.0
Dodging        | 4 |  4.2
Fighting       | |  0.4
Short Blades   | |  0.7
Stealth        | |  3.9

Action                   |  1- 3 |  4- 6 || total
-------------------------+-------+-------++-------
Melee: Unarmed           |    45 |       ||    45
       Dagger            |    58 |    40 ||    98
       Flail             |       |     6 ||     6
 Cast: Magic Dart        |   134 |   201 ||   335
  Use: Scroll            |     2 |     9 ||    11
       Potion            |       |     4 ||     4
 Stab: Sleeping          |     2 |       ||     2
  Eat: Ration            |       |     1 ||     1
Armor: Robe              |     8 |     1 ||     9
       Skin              |       |    14 ||    14
Dodge: Dodged            |    94 |    49 ||   143
